Map: Site Delta LE

Players

DoctorAmor - Winner!

  • Race: Terran Terran
  • League: Platinum
  • Spawn Location: 5:00

Subwayeatn

  • Race: Zerg Zerg
  • Spawn Location: 11:00

VOD

Have the link to the VOD?

Description

Time

  • Played on: Oct. 14, 2023, 8:21 p.m.
  • Length: 10:41
Show
View Real Time Build Order
Export as new Build Order

DoctorAmor Terran - Winner!

Build Orders:  

Get SALT Encoding   

  12  0:00  SCV  
  13  0:12  SCV  
  14  0:18  Supply Depot  
  14  0:24  SCV  
  15  0:39  SCV  
  15  0:41  Barracks  
  16  0:46  Refinery  
  16  0:51  SCV  
  17  1:03  SCV  
  18  1:15  SCV  
  19  1:28  Orbital Command  
  19  1:29  Marine  
  20  1:45  Command Center  
  20  1:55  SCV  
  21  2:02  Supply Depot  
  21  2:07  SCV  
  22  2:17  Marine  
  23  2:23  Barracks  
  23  2:24  SCV  
  23  2:25  Barracks  
  24  2:31  Bunker  
  24  2:36  SCV  
  25  2:44  Barracks Reactor  
  25  2:48  SCV  
  26  3:00  SCV  
  26  3:02  Orbital Command  
  27  3:12  Barracks Tech Lab, SCV  
  28  3:15  Barracks Tech Lab  
  28  3:24  SCV  
  28  3:25  Marine x2  
  31  3:34  Supply Depot, SCV, Engineering Bay  
  32  3:35  Marine x2  
  32  3:36  Stimpack, SCV  
  32  3:39  Combat Shield  
  35  3:46  SCV  
  35  3:48  SCV, Marine x2  
  37  3:53  Marine x2  
  41  3:56  Supply Depot  
  41  3:58  SCV  
  42  4:03  SCV  
  42  4:06  Marine x2  
  45  4:10  SCV  
  45  4:11  Marine x2  
  45  4:15  SCV  
  49  4:19  Supply Depot  
  49  4:22  SCV  
  49  4:24  Marine  
  51  4:27  SCV, Refinery  
  51  4:29  Marauder, Refinery  
  51  4:30  Marine x2  
  51  4:31  Refinery  
  56  4:34  SCV  
  57  4:39  Factory  
  57  4:41  Marine  
  57  4:42  Supply Depot  
  57  4:44  SCV  
  59  4:46  SCV  
  60  4:54  Marine x2  
  60  4:55  Marine  
  60  4:56  SCV  
  60  4:58  SCV  
  65  5:11  Command Center, SCV  
  65  5:12  SCV  
  65  5:13  Terran Infantry Weapons Level 1  
  67  5:14  Marine x2  
  67  5:15  Marine  
  67  5:20  Supply Depot  
  70  5:23  SCV  
  70  5:24  Supply Depot, Marine, SCV  
  70  5:26  Factory Reactor  
  73  5:32  Starport  
  73  5:36  SCV x2  
  73  5:40  Barracks  
  75  5:45  Barracks, Engineering Bay  
  75  5:48  SCV x2  
  75  5:49  Marine x4  
  77  6:00  SCV x2  
  78  6:07  Reaper, Marine x2  
  80  6:12  SCV x2  
  80  6:18  Marauder  
  84  6:24  SCV x2  
  84  6:25  Marauder  
  83  6:36  SCV  
  83  6:38  SCV  
  76  6:48  SCV  
  76  6:53  Marine  
  77  6:54  Barracks Tech Lab  
  77  6:55  Barracks Reactor  
  77  6:59  Medivac x2  
  77  7:00  Marine  
  77  7:01  Marine x2  
  83  7:03  SCV x2  
  83  7:04  Factory Tech Lab  
  83  7:05  Orbital Command  
  85  7:11  Armory, Marine, Terran Infantry Armor Level 1  
  85  7:13  Marine  
  85  7:15  Factory, SCV x2  
  88  7:18  Marine x2  
  88  7:22  Barracks x2  
  91  7:27  Marine, SCV  
  91  7:29  Marine  
  94  7:30  SCV x2  
  96  7:39  SCV  
  96  7:42  SCV  
  96  7:43  SCV  
  99  7:51  SCV  
  99  7:54  Command Center, SCV  
  101  7:59  Marine x7  
  101  8:00  Refinery  
  101  8:01  Refinery  
  101  8:03  SCV  
  109  8:11  Barracks, Supply Depot  
  109  8:13  Barracks Tech Lab  
  109  8:14  Barracks Reactor, Supply Depot  
  109  8:21  Supply Depot x2  
  109  8:22  Terran Infantry Weapons Level 2  
  109  8:32  Marine  
  109  8:33  SCV, Medivac x2  
  115  8:36  Marine x5  
  115  8:37  Marine x2  
  122  8:44  SCV x2  
  122  8:45  SCV  
  125  8:50  Marine  
  125  8:54  Marine x7  
  125  8:55  Marine x2  
  122  9:02  Marine  
  111  9:04  SCV x3  
  111  9:08  Marine, Medivac x2  
  118  9:11  Marine  
  118  9:12  Marine x6  
  118  9:16  SCV x3  
  124  9:20  Marine x3  
  124  9:21  Orbital Command  
  127  9:28  SCV x2  
  127  9:29  SCV  
  130  9:33  Marine x3  
  130  9:38  Medivac  
  135  9:40  SCV  
  135  9:41  Supply Depot, SCV x2  
  135  9:42  Supply Depot  
  138  9:51  Marine x2  
  138  9:52  SCV, Marine x9  
  150  9:59  Orbital Command  
  150  10:09  Marine x11  
  150  10:12  SCV  
Show
View Real Time Build Order
Export as new Build Order

Subwayeatn Zerg 

Build Orders: Hatch First 

Get SALT Encoding   

  12  0:00  Drone  
  13  0:10  Drone  
  14  0:16  Overlord  
  14  0:27  Extractor  
  14  0:28  Drone  
  14  0:34  Drone x2  
  17  0:55  Hatchery  
  16  1:09  Spawning Pool  
  15  1:12  Drone  
  15  1:15  Drone  
  15  1:18  Drone  
  18  1:25  Extractor  
  17  1:32  Overlord  
  17  1:56  Drone  
  18  2:03  Queen  
  20  2:16  Hatchery  
  20  2:18  Queen  
  21  2:45  Roach Warren, Metabolic Boost  
  21  2:50  Extractor, Drone x2  
  21  3:08  Evolution Chamber x2  
  21  3:11  Drone  
  21  3:12  Drone  
  21  3:15  Drone  
  22  3:36  Zerg Missile Weapons Level 1  
  22  3:43  Extractor  
  22  3:45  Drone x4  
  22  3:46  Extractor  
  24  4:00  Zerg Ground Armor Level 1  
  24  4:10  Drone x2  
  24  4:11  Drone  
  24  4:15  Drone  
  28  4:25  Queen  
  30  4:33  Overlord  
  30  4:38  Overlord  
  30  4:49  Roach x2  
  34  5:00  Overlord  
  34  5:01  Overlord  
  34  5:03  Roach  
  36  5:17  Roach  
  36  5:18  Roach x2  
  42  5:25  Roach  
  42  5:26  Roach  
  46  5:33  Ravager  
  46  5:34  Ravager x2  
  49  5:41  Spine Crawler  
  48  5:45  Roach  
  48  5:46  Roach  
  52  5:58  Roach x2  
  52  5:59  Roach  
  58  6:08  Roach  
  58  6:09  Roach x2  
  61  6:15  Zerg Melee Weapons Level 1  
  55  6:36  Roach x5  
  63  6:47  Roach  
  63  6:59  Lair  
  63  7:03  Drone x3  
  63  7:05  Overlord  
  66  7:20  Overlord  
  66  7:23  Queen  
  68  7:31  Ravager x3  
  68  7:36  Overlord  
  71  7:38  Overlord x2  
  71  7:44  Zergling x2  
  72  7:50  Queen  
  74  7:57  Zerg Missile Weapons Level 2  
  74  8:01  Drone  
  74  8:02  Drone  
  74  8:04  Drone  
  77  8:18  Glial Reconstitution  
  77  8:26  Zergling x12  
  83  8:27  Zergling x2  
  83  8:33  Drone  
  60  9:11  Zergling x20  
  60  9:31  Baneling Nest  
  60  9:32  Hydralisk Den  
  60  9:35  Drone x3  
  61  9:40  Hatchery  
  60  9:47  Zergling x2  
  60  9:48  Zergling x4  
  63  9:56  Drone x2  
  63  9:57  Drone  
  66  10:02  Overlord  
  66  10:15  Hydralisk  
  66  10:16  Hydralisk  
Tags
 
League
Platinum
Matchup
TvZ
Replay Pack
Multiplayer
Spawn Locations
Cross Positions
Add a new tag
Caveats
  • Supply blocks, unpowered buildings, or Contaminate may cause inaccurate times.
  • Supply counts are checked every 10 seconds.